cohdb
Replays
Latest Replays
All Replays
Popular Replays
Top Player Replays
Match Explorer
How It Works
Community
CoH3 Stats
Reddit
Sign in to upload your games and track your stats! →
Sign in with Steam
Match 45203354
Unlisted
Match 45203354
Overview
Messages
Build Orders
End
Construct Section Command Post
Infantry Section
Selects Air and Sea Battlegroup
Infantry Section
ML 3-inch Mortar Team
Royal Engineer Section
Construct Platoon Command Post
Selects Supply Surplus
Construct Field Infirmary
Forward Retreat Point
Construct Resource Cache
Construct Resource Cache
Selects UNKNOWN (223837)
Construct Resource Cache
Construct Company Command Post
Crusader II Medium Tank
Foot Guards Section
Selects Assault Flares
Crusader II Medium Tank
Jm200092
VvvV
HackerBlack_Sunday
Knightz
ValiantHawk
AirborneAssassin
Starsilver
NachoMz_HQ YT
0
0
Comments
sign in to comment!
No comments posted yet!